 Dungeon Crawl Stone Soup version 0.32-a0-119-g2e8054a (webtiles) character file.

Game seed: 10865055335417538069

494 bonscott the Magician (level 7, -7/45 HPs)
             Began as a Djinni Conjurer on Feb 6, 2024.
             Shot with an arrow by a centaur (11 damage)
             ... on level 5 of the Dungeon.
             The game lasted 00:17:26 (4107 turns).

bonscott the Magician (Djinni Conjurer)             Turns: 4107, Time: 00:17:27

Health: -7/45      AC:  4    Str:  6    XL:     7   Next: 38%
Gold:   350        EV: 12    Int: 22    God:
                   SH:  0    Dex: 11

rFire   + + .        j - staff of cold
rCold   . . .        (no shield)
rNeg    . . .        a - +0 robe
rPois   ∞            (no helmet)
rElec   .            (no cloak)
rCorr   .            f - +1 pair of gloves
SInv    .            (boots unavailable)
Will    .....        (no amulet)
Stlth   ++           (no ring)
HPRegen 0.27/turn    (no ring)
MPRegen 0.00/turn

%: infuse magic (-8 HP)
@: flying
A: sickness immunity, fire resistance 2, cold vulnerability 1, float, innate
caster, HP casting, extra vitality 1
a: no special abilities


You were on level 5 of the Dungeon.
You visited 1 branch of the dungeon, and saw 5 of its levels.

You collected 350 gold pieces.

Inventory:

Hand Weapons
 d - a +0 dagger
 k - a +0 sling
 m - a +1 vampiric whip
 y - a +0 whip of venom
Missiles
 b - 63 stones
 u - 2 poisoned darts
Armour
 a - a +0 robe (worn)
 c - a +0 ring mail
 f - a +1 pair of gloves (worn)
 n - a +0 leather armour
Magical Staves
 j - a staff of cold (weapon)
Jewellery
 q - the ring "Ocenop" {rC+ Str+4 Int-2 Dex+2 Stlth+}
   (You found it on level 2 of the Dungeon)

   [ring of protection from cold]

   Str+4:     It affects your strength (+4).
   Int-2:     It affects your intelligence (-2).
   Dex+2:     It affects your dexterity (+2).
   rC+:       It protects you from cold.
   Stlth+:    It makes you more stealthy.
 x - a ring of see invisible
Scrolls
 e - a scroll of enchant armour
 g - 2 scrolls of vulnerability
 h - 2 scrolls of immolation
 i - 2 scrolls of teleportation {unknown}
 t - 2 scrolls of blinking
 w - a scroll of summoning {unknown}
 A - a scroll of identify
 B - a scroll of poison {unknown}
 C - a scroll of revelation {unknown}
Potions
 l - a potion of haste
 o - a potion of cancellation
 p - a potion of lignification {unknown}
 r - a potion of invisibility {unknown}
 s - 2 potions of might {unknown}
 v - a potion of curing {unknown}
 z - a potion of resistance {unknown}


   Skills:
 - Level 2.1 Dodging
 - Level 1.5 Stealth
 + Level 6.7 Spellcasting
 + Level 6.7 Conjurations
 + Level 6.7 Hexes
 + Level 6.7 Summonings
 + Level 6.7 Necromancy
 + Level 6.7 Translocations
 + Level 6.7 Fire Magic
 + Level 6.7 Ice Magic
 + Level 6.7 Air Magic
 + Level 6.7 Earth Magic
 + Level 6.7 Alchemy


You knew the following spells:

 Your Spells              Type           Power      Damage    Failure   Level
a - Necrotise             Necr           100%       1d9       1%          1
d - Magic Dart            Conj           100%       1d8       1%          1
f - Fulminant Prism       Conj/Alch      18%        3d11      5%          4
i - Call Imp              Summ           74%        N/A       1%          2
m - Iskenderun's Mystic   Conj/Tloc      37%        2d9       5%          4
n - Inner Flame           Hex/Fire       37%        N/A       1%          3
r - Searing Ray           Conj           74%        2d7       1%          2
Your spell library was empty.

Dungeon Overview and Level Annotations

Branches:
Dungeon (5/15)
 Temple: D:4-7

Altars:
Elyvilon
Yredelemnul

Annotations:
D:4 2 transporters, ironshield's ghost, amateur DsGl


Innate Abilities, Weirdness & Mutations

You are immune to sickness and miasma.
You are immune to poison.
Your flesh is very heat resistant. (rF++)
You are vulnerable to cold. (rC-)
You float through the air rather than walking.
You learn spells naturally, not from books.
Your magical power is your life essence.
You have superior vitality. (+4 MHP)


Message History

Something shouts, "Fly, thou frothy unchin-snouted strumpet!"
Unknown command.
Unknown command.
Casting: Fulminant Prism (dangerous; 5% risk of failure)
Confirm with . or Enter, or press ? or * to list all spells.
Aiming: Fulminant Prism (dangerous; 5% risk of failure)
Press: ? - help, Dir - move target You conjure a prism of explosive energy!
A fulminant prism comes into view.
The centaur shoots an arrow.
The arrow hits your fulminant prism.
The centaur shoots an arrow.
The arrow hits your fulminant prism.
The centaur unwields a +0 orcbow.
The centaur hits your fulminant prism.
Your fulminant prism detonates feebly.
Unknown command.
Casting: Fulminant Prism (dangerous; 5% risk of failure)
Confirm with . or Enter, or press ? or * to list all spells.
Aiming: Fulminant Prism (dangerous; 5% risk of failure)
Press: ? - help, Dir - move target You conjure a prism of explosive energy!
A fulminant prism comes into view.
The centaur hits your fulminant prism but does no damage.
The centaur kicks your fulminant prism but does no damage.
The centaur hits your fulminant prism. The centaur kicks your fulminant prism.
The centaur wields a +0 orcbow.
The centaur shoots an arrow.
The arrow hits your fulminant prism!
Your fulminant prism detonates feebly.
Unknown command.
Casting: Fulminant Prism (dangerous; 5% risk of failure)
Confirm with . or Enter, or press ? or * to list all spells.
Aiming: Fulminant Prism (dangerous; 5% risk of failure)
Press: ? - help, Dir - move target You conjure a prism of explosive energy!
A fulminant prism comes into view.
The centaur shoots an arrow.
The arrow hits you!
The centaur shoots an arrow.
The arrow hits you!
* * * LOW HITPOINT WARNING * * *
The centaur shoots an arrow.
The arrow completely misses you.
Your fulminant prism crackles loudly.
The centaur shoots an arrow.
The arrow hits you!
You die...

########..#...... #...#
#.....##..... ....##### #..#
#.....##...# #.....# ###..##
#.....##...###########.####....#.
#................................
..........<..#######...###..##.##
..............## #.>.##...##.#
..........)....#####......#.##.#
...)......†.....@....).........##
....................####.##......
..>..............#### #..#.......
..............*.#######..(....).[
...#.#........#c# #..............
...#.............................
................##########...)...
...##)..........# ##......
...##......... #...5.#


You could see a centaur (ally target) and a friendly fulminant prism.

Vanquished Creatures
  A black bear (D:5)
  A bombardier beetle (D:4)
  A gnoll bouda (D:5)
  2 hounds
  A sleepcap (D:5)
  4 adders
  2 gnolls (D:5)
  A shadow imp (D:5)
  An ufetubus (D:3)
  3 dart slugs
  5 orcs
  A bat (D:1)
  10 endoplasms
  7 giant cockroaches
  8 goblins
  6 hobgoblins
  5 jackals (D:4)
  A quokka (D:2)
  7 ball pythons
  3 frilled lizards
  7 kobolds
  3 rats
80 creatures vanquished.

Vanquished Creatures (collateral kills)
  An ogre (D:4)
  A gnoll (D:5)
  A dart slug (D:2)
  2 frilled lizards
5 creatures vanquished.

Vanquished Creatures (others)
  A gnoll (D:5)
  5 fulminant prisms (D:5)
6 creatures vanquished.

Grand Total: 91 creatures vanquished

Notes
Turn   | Place    | Note
-------+----------+-------------------------------------------
     0 | D:1      | bonscott the Djinni Conjurer began the quest for the Orb.
     0 | D:1      | bonscott set off with the following spells memorised: Magic
                  | Dart, Searing Ray, Fulminant Prism, Iskenderun's Mystic
                  | Blast.
     0 | D:1      | Reached XP level 1. HP: 15/15 MP: 0/0
   145 | D:1      | Reached XP level 2. HP: 11/21 MP: 0/0
   510 | D:1      | Reached XP level 3. HP: 22/25 MP: 0/0
   510 | D:1      | Learned a level 1 spell: Necrotise
  1087 | D:2      | Reached XP level 4. HP: 29/31 MP: 0/0
  1466 | D:2      | Upgraded the game from 0.32-a0-116-gaf751e2 to
                  | 0.32-a0-119-g2e8054a
  1723 | D:2      | Identified the ring "Ocenop" {rC+ Str+4 Int-2 Dex+2 Stlth+}
  2699 | D:3      | Reached skill level 5 in Spellcasting
  2699 | D:3      | Reached skill level 5 in Conjurations
  2699 | D:3      | Reached skill level 5 in Hexes
  2699 | D:3      | Reached skill level 5 in Summonings
  2699 | D:3      | Reached skill level 5 in Necromancy
  2699 | D:3      | Reached skill level 5 in Translocations
  2699 | D:3      | Reached skill level 5 in Fire Magic
  2699 | D:3      | Reached skill level 5 in Ice Magic
  2699 | D:3      | Reached skill level 5 in Air Magic
  2699 | D:3      | Reached skill level 5 in Earth Magic
  2699 | D:3      | Reached skill level 5 in Alchemy
  2699 | D:3      | Reached XP level 5. HP: 32/35 MP: 0/0
  2699 | D:3      | Learned a level 2 spell: Call Imp
  2970 | D:4      | Noticed ironshield's ghost (amateur DsGl)
  3039 | D:4      | Found a transporter.
  3045 | D:4      | Noticed a kobold brigand
  3069 | D:4      | Found a transporter.
  3152 | D:4      | Found a white marble altar of Elyvilon.
  3214 | D:4      | Found a basalt altar of Yredelemnul.
  3392 | D:4      | Reached XP level 6. HP: 33/40 MP: 0/0
  3485 | D:4      | Noticed an ogre
  3502 | D:4      | Killed an ogre
  3820 | D:5      | Entered Level 5 of the Dungeon
  3962 | D:5      | Noticed a black bear
  3975 | D:5      | Killed a black bear
  3976 | D:5      | Reached XP level 7. HP: 38/45 MP: 0/0
  3976 | D:5      | Learned a level 3 spell: Inner Flame
  4077 | D:5      | Noticed a water moccasin
  4107 | D:5      | Shot with an arrow by a centaur

Illustrated notes

Levels and vault maps discovered:
D:1:      minmay_arrival_shattered_statue, layout_basic, minivault_26,
          st_stairs_1, chequers_serial_rivers_micro_e
D:2:      layout_loops_corners, grunt_decor_junction
D:3:      layout_loops_cross, minmay_fractal_squares_gapless_5
D:4:      layout_basic, kennysheep_ying_yang, gammafunk_ghost_abyssal_escape
D:5:      layout_rooms, demons_altar

Skill      XL: |  1  2  3  4  5  6 |
---------------+-------------------+-----
Spellcasting   | 4 5 6 |  6.7
Conjurations   | 4 5 6 |  6.7
Hexes          | 4 5 6 |  6.7
Summonings     | 4 5 6 |  6.7
Necromancy     | 4 5 6 |  6.7
Translocations | 4 5 6 |  6.7
Fire Magic     | 4 5 6 |  6.7
Ice Magic      | 4 5 6 |  6.7
Air Magic      | 4 5 6 |  6.7
Earth Magic    | 4 5 6 |  6.7
Alchemy        | 4 5 6 |  6.7
Dodging        | |  2.1
Stealth        | |  1.5

Action                     |  1- 3 |  4- 6 |  7- 9 || total
---------------------------+-------+-------+-------++-------
  Melee: Unarmed           |     2 |       |       ||     2
         Dagger            |     1 |       |       ||     1
   Cast: Magic Dart        |    55 |    66 |     4 ||   125
         Necrotise         |    13 |    32 |       ||    45
         Searing Ray       |       |    10 |       ||    10
         Call Imp          |       |     3 |     1 ||     4
         Fulminant Prism   |       |       |     6 ||     6
    Use: Scroll            |     1 |     5 |       ||     6
 Armour: Robe              |     3 |     6 |     3 ||    12
  Dodge: Dodged            |     4 |    12 |     2 ||    18

Table legend: (Time is in decaauts)
 A = Elapsed time spent in this place.
 B = Non-inter-level travel time spent in this place.
 C = Inter-level travel time spent in this place.
 D = Time resting spent in this place.
 E = Time spent auto-exploring this place.
 F = Levels seen in this place.
 G = Mean time per level.
                   A        B        C        D        E       F      G
               +--------+--------+--------+--------+--------+-----+--------+
         Total |   4108 |   3822 |    286 |     40 |   3255 |   5 |  821.6 |
       Dungeon |   4108 |   3822 |    286 |     40 |   3255 |   5 |  821.6 |
               +--------+--------+--------+--------+--------+-----+--------+

Top non-repeatable levels by time:
     D:1: 1021 daAuts
     D:2: 970 daAuts
     D:3: 947 daAuts
     D:4: 881 daAuts
     D:5: 286 daAuts
